Unix NetHack Version 3.7.0-94 Work-in-progress - last build Dec 18 2023 00:11:04 (7e3deff068b9ef4f2ebb9a71ea0f5c4a3b578a14,branch:master). Game began 2023-12-19 13:26:43, ended 2023-12-19 13:37:31. elenmirie, neutral female gnomish Healer --- --- -------- . .+ #######.<.....| -. -.| # |......| |.- |.| # ......| |.| |.|# # -------- |.| -+--..#### +- |.| |....|# # . --.-+--..{.| -. | |..........| |. |..-..--+-....| +. |----.| --+-.. |.-----.- |)?.|.| |.| |.......| |(?.-.---- |.| |.......+ |*% |....| |.| |.@.@...---------+-----....----.| |.........B@.d..................| --------------------------------- Elenmirie the Rhizotomist St:7 Dx:11 Co:14 In:10 Wi:15 Ch:18 Neutral Dlvl:5 $:0 HP:0(12) Pw:4(7) AC:6 Xp:1/0 T:927 Latest messages: You hear crashing rock. A gush of water hits your right arm! Your spear rusts! You hear crashing rock. You descend the stairs. You hear some noises. You hear some noises in the distance. You hear a door open. Yermak misses the giant bat. The giant bat bites! The giant bat bites! You don't have anything to drink. In what direction? . You feel better. The giant bat bites! Yermak bites the giant bat. The giant bat misses Yermak. You hear a door open. The giant bat misses! Yermak bites the giant bat. The giant bat is killed! You hear a chugging sound. You hear a chugging sound. The watchman opens a door. It misses the watchman. The door resists! The door opens. Yermak misses the watchman. Yermak misses the watchman. Yermak bites the watchman. Yermak misses it. Yermak misses it. Yermak bites the watchman. The watchman wields a spear! Yermak bites the watchman. The watchman thrusts her spear at Yermak. The watchman hits Yermak. Yermak misses it. You hear some noises in the distance. The giant bat bites! The giant bat bites! The giant bat bites! You stop. Yermak is in the way! The giant bat bites! You die... Do you want your possessions identified? [ynq] (y) y Do you want to see your attributes? [ynq] (y) y Do you want an account of creatures vanquished? [ynaq] (y) y Do you want to see your conduct and achievements? [ynq] (y) y Do you want to see the dungeon overview? [ynq] (y) y Inventory: Weapons n - an uncursed +0 orcish dagger a - an uncursed +0 scalpel m - an uncursed rusty +0 spear (weapon in right hand) Armor o - an uncursed +1 orcish helm (being worn) b - an uncursed +1 pair of leather gloves (being worn) Comestibles l - 5 uncursed apples p - 3 uncursed food rations Wands h - an uncursed wand of sleep (0:7) Tools w - an uncursed sack containing 8 items t - a cursed skeleton key P - an uncursed stethoscope Contents of the sack: 1625 gold pieces a blessed spellbook of extra healing a blessed spellbook of healing a blessed spellbook of stone to flesh 2 blessed potions of extra healing 2 uncursed potions of extra healing 2 blessed potions of healing 3 uncursed potions of healing Elenmirie the Healer's attributes: Background: You were a Rhizotomist, a level 1 female gnomish Healer. You were neutral, on a mission for Hermes who was opposed by Athena (lawful) and Poseidon (chaotic). You were right-handed. You were in the Gnomish Mines, on level 5. You entered the dungeon 927 turns ago. You had 0 experience points, 20 were needed to attain level 2. Basics: You had 0 out of 12 hit points. You had 4 out of 7 energy points (spell power). Your armor class was 6. Your wallet was empty, but you had 1625 zorkmids stashed away in your pack. Autopickup was on for '$' plus thrown. Final Characteristics: Your strength was 7 (limit:18/50). Your dexterity was 11 (limit:18). Your constitution was 14 (limit:18). Your intelligence was 10 (limit:19). Your wisdom was 15 (limit:18). Your charisma was 18 (limit:18). Final Status: You weren't hungry. You were unencumbered. You were wielding a spear. You were unskilled in spear. Final Attributes: You were fervently aligned. You were poison resistant. You had infravision. You are dead. Miscellaneous: You never encountered a bones level. Total elapsed playing time was 10 minutes and 45 seconds. Major events: Turn 1: elenmirie the neutral female gnomish Healer entered the dungeon 354: entered the Gnomish Mines 888: reached Mine Town 927: killed by a giant bat Vanquished creatures: a shrieker a dwarf a giant bat 2 coyotes 2 hobbits 2 red molds a gecko 7 jackals a goblin 2 grid bugs a bat 2 lichens 3 newts 26 creatures vanquished. No species were genocided or became extinct. Voluntary challenges: You followed a strict vegan diet. You were an atheist. You never hit with a wielded weapon. You were a pacifist. You were illiterate. You never engraved Elbereth. You never genocided any monsters. You never polymorphed an object. You never changed form. You used no wishes. Achievements: You entered the Gnomish Mines. You entered Minetown. The Dungeons of Doom: levels 1 to 2 Level 1: A fountain. Level 2: Stairs down to The Gnomish Mines. The Gnomish Mines: levels 3 to 5 Level 3: Level 4: Level 5: <- You were here. Some fountains. Final resting place for you, killed by a giant bat. Game over: ---------- / \ / REST \ / IN \ / PEACE \ / \ | elenmirie | | 1625 Au | | killed by a | | giant bat | | | | | | 2023 | *| * * * | * _________)/\\_//(\/(/\)/\//\/|_)_______ Goodbye elenmirie the Healer... You died in The Gnomish Mines on dungeon level 5 with 227 points, and 1625 pieces of gold, after 927 moves. You were level 1 with a maximum of 12 hit points when you died.